 Dungeon Crawl Stone Soup version 0.19-a0-1686-g35356ef (webtiles) character file.

65 sveltemanboy the Ducker (level 3, -4/28 HPs)
             Began as a Demonspawn Gladiator on Sept 25, 2016.
             Slain by Robin
             ... wielding a +4 short sword of draining
              (5 damage)
             ... on level 2 of the Dungeon.
             The game lasted 00:04:27 (1140 turns).

sveltemanboy the Ducker (Demonspawn Gladiator)      Turns: 1140, Time: 00:04:27

Health: -4/28      AC:  5    Str: 16    XL:     3   Next: 92%
Magic:  3/3        EV: 12    Int:  9    God:
Gold:   91         SH:  0    Dex: 13    Spells: 0 memorised, 2 levels left

rFire  . . .     SeeInvis .     a - +0 long sword
rCold  . . .     Gourm    .     b - +0 leather armour
rNeg   . . .     Faith    .     (no shield)
rPois  +         Spirit   .     c - +0 helmet
rElec  .         Dismiss  .     (no cloak)
rCorr  .         Reflect  .     (no gloves)
MR     .....     Harm     .     (no boots)
Stlth  +.........               (no amulet)
                                (no ring)
                                h - ring of poison resistance

@: heavily drained
A: hooves 1
a: no special abilities


You were on level 2 of the Dungeon.
You were not hungry.

You visited 1 branch of the dungeon, and saw 2 of its levels.

You collected 91 gold pieces.

Inventory:

Hand Weapons
 a - a +0 long sword (weapon)
Missiles
 d - 3 throwing nets
 e - 14 stones (quivered)
 n - 2 tomahawks
Armour
 b - a +0 leather armour (worn)
 c - a +0 helmet (worn)
Jewellery
 h - a ring of poison resistance (left hand)
Scrolls
 m - a scroll of amnesia {unknown}
Comestibles
 f - 2 bread rations
 i - a meat ration
 l - 2 chunks of flesh


   Skills:
 + Level 2.6(1.4) Fighting
 - Level 2.6(1.4) Long Blades
 - Level 1.7(0.5) Throwing
 * Level 2.0(0.8) Armour
 + Level 3.3(2.0) Dodging


You had 2 spell levels left.
You didn't know any spells.

Dungeon Overview and Level Annotations

Branches:
Dungeon (2/15)

Altars:

Annotations:
D:2 Robin


Innate Abilities, Weirdness & Mutations

You have large cloven feet.


Message History

Robin is heavily wounded.
Robin barely misses you.
You riposte.
You hit Robin.
Robin is severely wounded.
It was a potion of flight.
You feel very buoyant.
You fly up into the air.
Robin throws the goblin at you!
* * * LOW HITPOINT WARNING * * *
The goblin hits you but does no damage.
It was a potion of magic.
Magic courses through your body. Robin barely misses you.
You riposte.
You hit Robin.
Robin is almost dead.
The goblin hits you with a club.
* * * LOW HITPOINT WARNING * * *
A hobgoblin comes into view. It is wielding a club.
It was a potion of cancellation.
Your magical effects are unravelling.
You feel magically purged.
You float gracefully downwards.
The hobgoblin no longer looks unusually strong.
Robin hits you with a short sword of draining.
You die...

#..........# #.#
#..........# #.# ##
#..........###.###########.
#.........)...>............
######.###################.
#...# ## #.#.### #...g.#
######## #####@# #......#
#g###....<.# #gg........#
####.......# #.......#
#.......# ##..g...#
#....g.(# #..#.†.........


You could see Robin, 2 hobgoblins and a goblin.

Vanquished Creatures
  2 adders (D:2)
  2 worms
  A dart slug (D:1)
  2 leopard geckos
  6 bats
  2 giant cockroaches (D:1)
  4 goblins
  8 hobgoblins
  2 kobolds (D:1)
  2 frilled lizards (D:1)
  3 rats (D:1)
34 creatures vanquished.

Notes
Turn   | Place    | Note
-------+----------+-------------------------------------------
     0 | D:1      | sveltemanboy the Demonspawn Gladiator began the quest for the Orb.
     0 | D:1      | Reached XP level 1. HP: 16/16 MP: 1/1
   142 | D:1      | Gained mutation: You have large cloven feet. [demonic ancestry]
   142 | D:1      | Reached XP level 2. HP: 20/23 MP: 2/2
   352 | D:1      | Reached skill level 1 in Armour
   361 | D:1      | Reached skill level 3 in Dodging
   684 | D:1      | Reached XP level 3. HP: 27/28 MP: 3/3
  1117 | D:2      | Noticed Robin
  1139 | D:2      | HP: 1/28 [goblin/club[Robin] (6)]
  1140 | D:2      | Slain by Robin

Vault maps used:
D:1:      evilmike_arrival_run_for_it, serial_park_tiny_1
D:2:      uniq_robin

Skill      XL: |  1  2  3 |
---------------+----------+-----
Armour         | 1 2 |  2.0
Dodging        | 3 |  3.3
Fighting       | |  2.6
Long Blades    | |  2.6
Throwing       | |  1.7

Action                   || total
-------------------------++-------
Melee: Long sword        ||   142
       Kick              ||    23
Throw: Stone             ||    29
       Throwing net      ||     1
       Tomahawk          ||     2
  Use: Potion            ||     3
  Eat: Chunk             ||     1
Armor: Leather armour    ||    45
Dodge: Dodged            ||    89
